 Dungeon Crawl Stone Soup version 0.26-a0-651-gb41185065b (webtiles) character file.

Game seed: 176539775324038719

37998 oldriver the Destroyer (level 14, 0/70 HPs)
             Began as a Gargoyle Fire Elementalist on Sept 30, 2020.
             Was an Elder of Vehumet.
             Slain by Rupert
             ... wielding a +2 triple sword of draining
              (23 damage)
             ... on level 13 of the Dungeon.
             The game lasted 00:55:31 (30109 turns).

oldriver the Destroyer (GrFE)                      Turns: 30109, Time: 00:55:31

Health: 0/70       AC: 19    Str: 15    XL:     14   Next: 0%
Magic:  19/31      EV: 13    Int: 26    God:    Vehumet [****..]
Gold:   1317       SH:  0    Dex: 16    Spells: 15/39 levels left

rFire    + . .     SeeInvis .   v - +4 dagger (venom)
rCold    + . .     Faith    .   (no shield)
rNeg     + . .     Spirit   .   a - +0 robe
rPois    ∞         Reflect  .   h - +2 hat
rElec    +         Harm     .   i - scarf {rC+ rF+}
rCorr    .         Rampage  .   y - +2 pair of gloves
MR       +....                  m - +1 pair of boots
Stlth    +++.......             J - amulet of magic regeneration
HPRegen  0.21/turn              A - +6 ring of intelligence
MPRegen  0.47/turn              w - +6 ring of dexterity

@: no status effects
A: big wings, horns 1, negative energy resistance 1, electricity resistance,
strong 1, unbreathing, petrification resistance, rot immunity, AC +10
a: Fly, Renounce Religion


You were on level 13 of the Dungeon.
You worshipped Vehumet.
Vehumet was greatly pleased with you.
You visited 4 branches of the dungeon, and saw 18 of its levels.
You also visited: Sewer and Ice Cave.

You collected 1377 gold pieces.
You spent 60 gold pieces at shops.

Inventory:

Hand Weapons
 v - a +4 dagger of venom (weapon)
Armour
 a - a +0 robe (worn)
 h - a +2 hat (worn)
 i - a scarf of resistance (worn)
 m - a +1 pair of boots (worn)
 y - a +2 pair of gloves (worn)
Jewellery
 g - an uncursed ring of protection from fire
 w - a +6 ring of dexterity (right hand)
 x - an uncursed ring of see invisible
 A - a +6 ring of intelligence (left hand)
 F - an uncursed ring of protection from fire
 J - an amulet of magic regeneration (around neck)
Wands
 e - a wand of enslavement (17)
 r - a wand of random effects (26)
 s - a wand of iceblast (8)
 u - a wand of digging (8)
 G - a wand of disintegration (19)
 I - a wand of polymorph (3)
Scrolls
 b - 10 scrolls of identify
 d - 9 scrolls of remove curse
 q - a scroll of holy word
 B - 5 scrolls of teleportation
 E - 3 scrolls of amnesia
 H - a scroll of enchant weapon
 K - a scroll of enchant armour
 L - 2 scrolls of magic mapping
Potions
 f - 5 potions of might
 j - 3 potions of stabbing
 k - 3 potions of curing
 l - a potion of cancellation
 o - 3 potions of lignification {unknown}
 p - 3 potions of berserk rage
 z - 2 potions of flight
 C - 2 potions of haste
 D - a potion of ambrosia


   Skills:
 + Level 1.4 Fighting
 + Level 2.9 Dodging
 + Level 4.2 Stealth
 * Level 13.3 Spellcasting
 * Level 13.4 Conjurations
 + Level 0.8 Translocations
 + Level 0.1 Transmutations
 * Level 13.1 Fire Magic
 + Level 0.1 Air Magic
 + Level 0.2 Poison Magic


You had 15 spell levels left.
You knew the following spells:

 Your Spells              Type           Power        Failure   Level
a - Foxfire               Conj/Fire      ####         0%          1
b - Conjure Flame         Conj/Fire      ######..     1%          3
c - Sticky Flame          Conj/Fire      ######..     1%          4
d - Fireball              Conj/Fire      ######....   1%          5
e - Mephitic Cloud        Conj/Pois/Air  #####...     1%          3
f - Magic Dart            Conj           ####         0%          1
g - Ignite Poison         Fire/Tmut/Pois #####...     1%          3
h - Iskenderun's Mystic   Conj/Tloc      ######..     1%          4

Your spell library contained the following spells:

 Spells                   Type           Power        Failure   Level
 Frozen Ramparts          Ice            ###...       2%          3
 Inner Flame              Hex/Fire       ######..     1%          3
 Stone Arrow              Conj/Erth      ######       1%          3
 Beastly Appendage        Tmut           ###...       3%          1
 Sting                    Tmut/Pois      ###.         3%          1
 Corpse Rot               Necr/Air       N/A          4%          2
 Poisonous Vapours        Pois/Air       ###...       4%          2
 Olgreb's Toxic Radiance  Pois           ###.....     9%          4
 Petrify                  Tmut/Erth      ###.....     32%         4
 Summon Forest            Summ/Tloc      ###.......   61%         5
 Blade Hands              Tmut           ###.......   65%         5
 Eringya's Noxious Bog    Tmut/Pois      ###.......   99%         6
 Hydra Form               Tmut           ###.......   99%         6
 Summon Hydra             Summ           ###.......   100%        7
 Statue Form              Tmut/Erth      Unusable     N/A         6

Dungeon Overview and Level Annotations

Branches:
Dungeon (13/15)            Temple (1/1) D:6            Lair (3/6) D:9
 Shoals (0/4) Lair:3       Spider (0/4) Lair:2          Orc (1/2) D:11
  Sewer (visited)           IceCv (visited)
 Vaults: D:13-14

Altars:
Ashenzari
Cheibriados
Dithmenos
Elyvilon
Fedhas
Gozag
Hepliaklqana
Kikubaaqudgha
Makhleb
Nemelex Xobeh
Okawaru
Qazlal
Ru
Sif Muna
Trog
Uskayaw
Vehumet
Wu Jian
Xom
Yredelemnul
Zin
The Shining One

Shops:
D:4 !

Annotations:
D:13 Rupert
Lair:2 3 runed translucent doors, Qucvyi Areg's ghost, journeyman DrTm


Innate Abilities, Weirdness & Mutations

You are resistant to torment.
Your stone body is resilient. (AC +10)
You are immune to poison.
Your large and strong wings let you fly indefinitely.
You resist negative energy. (rN+)
You are resistant to electric shocks. (rElec)
You can survive without breathing.
You are immune to petrification.
You are immune to rotting.
You have a pair of small horns on your head.
Your muscles are strong. (Str +2)


Message History

Okay, then.
You feel much better.
Rupert rages.
The human hits you but does no damage.
Casting: Sticky Flame (safe; 1% risk of failure)
Confirm with . or Enter, or press ? or * to list all spells.
The fire begins to smolder!
The human hits you.
You hit the human but do no damage.
The human is poisoned.
You headbutt the human, but do no damage.
Rupert hits you with a +2 triple sword of draining!!
* * * LOW HITPOINT WARNING * * *
The human hits you but does no damage.
You smother the flame.
Unknown command.
As you read the scroll of fear, it crumbles to dust.
You assume a fearsome visage.
The human looks frightened!
Rupert barely misses you. Rupert closely misses you.
Unknown command.
You feel much better.
Rupert hits you with a +2 triple sword of draining!!
You die...

...+.....####.# #
...#.....# #.# #
...#.....####.+ #
...#.......##§#
...#.......##.#
...#.......##.#
####.......##..##
####.......###.@########
...........# #.@..p....
. #..........#
####...... ..
#.###......# ####. ##
#.# #......# #.#
######## ### #.# #...###
#.# ....... #.# #.#....
#.# #......


You could see Rupert (berserk) and a human (fleeing, very poisoned).

Vanquished Creatures
  Gastronok (Lair:3)
  6 hydras
  4 two-headed ogres
  A tengu warrior (D:13)
  Sonja (Lair:3)
  A necromancer (IceCv)
  4 ugly things
  2 manticores (D:11)
  2 cyclopes
  Maurice (D:9)
  2 ice statues (IceCv)
  A centaur zombie (D:12)
  7 cane toads
  4 black mambas
  2 centaur skeletons
  2 rime drakes (D:12)
  A komodo dragon (Lair:3)
  10 ice devils (IceCv)
  A jumping spider (Lair:2)
  4 merfolk (Lair:3)
  6 trolls
  7 blink frogs (Lair:2)
  8 hippogriffs
  4 redbacks (Lair:2)
  Sigmund (D:5)
  3 wraiths
  12 yaks
  2 wyverns
  A soldier ant (D:12)
  4 porcupines
  5 water moccasins
  Purgy (Sewer)
  10 orc warriors
  3 sky beasts
  An ice beast (D:7)
  An eye of draining (D:10)
  2 phantoms
  4 ogres
  3 black bears
  3 necrophages
  6 centaurs
  5 wolves (Lair:1)
  8 crocodiles
  A big kobold (D:11)
  10 bullfrogs
  A gnoll sergeant (D:11)
  A wyvern zombie (D:11)
  3 scorpions
  3 killer bees (D:8)
  14 wights
  2 draconian simulacra (IceCv)
  2 bullfrog zombies
  6 hounds
  3 jellies
  7 orc priests
  A bullfrog skeleton (D:11)
  A gnoll shaman (D:8)
  10 orc wizards
  3 iguanas
  Natasha (thrice) (D:2)
  9 worker ants
  3 troll simulacra (IceCv)
  2 centaur simulacra (IceCv)
  A hound skeleton (D:8)
  A hound zombie (D:9)
  8 gnolls
  2 ogre simulacra (IceCv)
  15 adders
  A naga simulacrum (IceCv)
  A shadow imp (D:7)
  A white imp (D:9)
  2 ufetubi
  2 oozes
  An adder skeleton (D:4)
  An adder zombie (D:5)
  4 worms
  2 dart slugs (D:1)
  6 leopard geckos
  37 orcs
  A ball python (D:3)
  7 giant cockroaches
  5 hobgoblins
  19 jackals
  5 quokkas
  16 bats
  11 frilled lizards
  5 goblins
  12 kobolds
  18 rats
426 creatures vanquished.

Vanquished Creatures (collateral kills)
  8 foxfires
8 creatures vanquished.

Vanquished Creatures (others)
  2414 foxfires
  12 fungi
  16 plants
  5 toadstools (D:4)
2447 creatures vanquished.

Grand Total: 2881 creatures vanquished

Notes
Turn   | Place    | Note
-------+----------+-------------------------------------------
     0 | D:1      | oldriver the Gargoyle Fire Elementalist began the quest for
                  | the Orb.
     0 | D:1      | Reached XP level 1. HP: 10/10 MP: 3/3
   255 | D:1      | Reached XP level 2. HP: 2/15 MP: 0/5
  1432 | D:1      | Reached XP level 3. HP: 19/19 MP: 1/7
  2908 | D:2      | Reached XP level 4. HP: 24/24 MP: 6/9
  3667 | D:2      | Noticed Natasha
  3684 | D:2      | Killed Natasha
  4302 | D:2      | Noticed Natasha
  4306 | D:2      | Killed Natasha
  4306 | D:2      | Reached XP level 5. HP: 22/28 MP: 6/11
  4383 | D:2      | Noticed Natasha
  4386 | D:2      | Killed Natasha
  5379 | D:3      | Found a burning altar of Makhleb.
  5395 | D:3      | Reached XP level 6. HP: 32/32 MP: 3/13
  6176 | D:3      | Reached skill level 5 in Spellcasting
  6538 | D:3      | Learned a level 3 spell: Conjure Flame
  6543 | D:3      | Learned a level 4 spell: Sticky Flame
  6549 | D:3      | Learned a level 5 spell: Fireball
  7457 | D:4      | Reached XP level 7. HP: 36/36 MP: 7/15
  7501 | D:3      | Gained mutation: You have a pair of small horns on your
                  | head. [potion of mutation]
  7501 | D:3      | Gained mutation: Your muscles are strong. (Str +2) [potion
                  | of mutation]
  8002 | D:4      | Reached skill level 5 in Fire Magic
  8413 | D:4      | Found Izxihy's Distillery.
  8420 | D:4      | Bought a potion of heal wounds for 60 gold pieces
  8539 | D:5      | Entered Level 5 of the Dungeon
  8747 | D:5      | Reached XP level 8. HP: 24/42 MP: 13/16
  9119 | D:5      | Found a glowing drain.
  9123 | Sewer    | Entered a sewer
  9220 | Sewer    | Noticed Purgy
  9242 | Sewer    | Killed Purgy
  9864 | D:5      | Noticed Sigmund
  9870 | D:5      | Killed Sigmund
  9870 | D:5      | Reached skill level 5 in Conjurations
  9965 | D:5      | Found the +5 robe of Misfortune {*Contam Harm *Corrode
                  | *Drain *Slow EV+5}
 10469 | D:6      | HP: 1/42 [orc warrior/+0 long sword (9)]
 10502 | D:6      | Reached XP level 9. HP: 25/46 MP: 1/19
 10893 | D:6      | Found a staircase to the Ecumenical Temple.
 11280 | Temple   | Entered the Ecumenical Temple
 11530 | Temple   | Became a worshipper of Vehumet
 12368 | D:7      | Found a blossoming altar of Fedhas.
 14921 | D:8      | Noticed a moth of wrath
 14924 | D:8      | Found a bloodstained altar of Trog.
 15155 | D:8      | Reached * piety under Vehumet
 15155 | D:8      | Offered knowledge of Magic Dart by Vehumet.
 15872 | D:9      | Found a staircase to the Lair.
 15918 | D:9      | Noticed Maurice
 15937 | D:9      | Killed Maurice
 15937 | D:9      | Reached XP level 10. HP: 20/51 MP: 15/22
 17354 | D:9      | Got a pitted scimitar
 17355 | D:9      | Identified the +1 scimitar "Usufoxut" {vorpal, +Rage rElec}
                  | (You found it on level 9 of the Dungeon)
 17362 | D:9      | Learned a level 3 spell: Mephitic Cloud
 17364 | D:9      | Learned a level 1 spell: Magic Dart
 17373 | D:10     | Entered Level 10 of the Dungeon
 17860 | D:10     | Noticed a green ugly thing
 17874 | D:10     | Killed a green ugly thing
 17874 | D:10     | Reached skill level 1 in Fighting
 18056 | D:10     | Found an opulent altar of Gozag.
 18670 | Lair:1   | Entered Level 1 of the Lair of Beasts
 18712 | Lair:1   | Noticed a cane toad
 18723 | Lair:1   | Killed a cane toad
 18835 | Lair:1   | Noticed a cane toad
 18839 | Lair:1   | Killed a cane toad
 18932 | Lair:1   | Noticed a seven-headed hydra
 19000 | D:9      | Killed a seven-headed hydra
 19000 | D:9      | Reached XP level 11. HP: 26/56 MP: 24/24
 19312 | D:11     | Noticed a manticore
 19531 | D:11     | Reached skill level 10 in Spellcasting
 19602 | D:11     | Noticed a two-headed ogre
 19705 | D:11     | Noticed a manticore
 19709 | D:11     | Killed a manticore
 20669 | D:11     | Found a shadowy altar of Dithmenos.
 20686 | D:11     | Killed a manticore
 20854 | D:11     | Reached skill level 10 in Fire Magic
 20887 | D:11     | Killed a two-headed ogre
 21052 | D:11     | Identified the Reference Book on Changing
 21123 | D:11     | Reached skill level 10 in Conjurations
 21263 | D:11     | Noticed a white ugly thing
 21270 | D:11     | Killed a white ugly thing
 21446 | D:11     | Offered knowledge of Sandblast by Vehumet.
 21448 | D:11     | Reached ** piety under Vehumet
 21639 | D:11     | Found a staircase to the Orcish Mines.
 22016 | Lair:1   | Learned a level 3 spell: Ignite Poison
 22538 | Lair:1   | Noticed an eight-headed hydra
 22546 | Lair:1   | Killed an eight-headed hydra
 22546 | Lair:1   | Reached XP level 12. HP: 61/61 MP: 12/27
 23228 | Lair:2   | Noticed a four-headed hydra
 23235 | Lair:2   | Killed a four-headed hydra
 23645 | Lair:2   | Found a hole to the Spider Nest.
 23921 | Lair:2   | Found a runed translucent gate.
 23921 | Lair:2   | Found a runed translucent gate.
 23923 | Lair:2   | Found a runed translucent gate.
 23924 | Lair:2   | Noticed Qucvyi Areg's ghost (journeyman DrTm)
 23925 | Lair:2   | Noticed a 12-headed hydra
 23925 | Lair:2   | Noticed a ten-headed hydra
 24038 | Lair:2   | Noticed a four-headed hydra
 24045 | Lair:2   | Killed a four-headed hydra
 24045 | Lair:2   | Offered knowledge of Static Discharge by Vehumet.
 24683 | Lair:3   | Noticed a six-headed hydra
 24686 | Lair:3   | Killed a six-headed hydra
 24737 | Lair:3   | Noticed a six-headed hydra
 24742 | Lair:3   | Killed a six-headed hydra
 24754 | Lair:3   | Noticed Gastronok
 25021 | Lair:3   | Reached *** piety under Vehumet
 25028 | Lair:3   | Reached XP level 13. HP: 60/65 MP: 11/29
 25178 | Lair:3   | Noticed Sonja
 25651 | Lair:3   | Killed Gastronok
 25988 | Lair:3   | Killed Sonja
 26274 | Lair:3   | Found a staircase to the Shoals.
 27356 | Orc:1    | Entered Level 1 of the Orcish Mines
 27682 | D:12     | Offered knowledge of Iskenderun's Mystic Blast by Vehumet.
 27690 | D:12     | Learned a level 4 spell: Iskenderun's Mystic Blast
 27862 | D:12     | Found a frozen archway.
 27878 | IceCv    | Entered an ice cave
 28365 | IceCv    | Reached **** piety under Vehumet
 28529 | IceCv    | Offered knowledge of Frozen Ramparts by Vehumet.
 30067 | D:13     | Noticed Rupert
 30077 | D:13     | Gained mutation: Your large and strong wings let you fly
                  | indefinitely. [Gargoyle growth]
 30077 | D:13     | Reached XP level 14. HP: 70/70 MP: 10/31
 30107 | D:13     | HP: 1/70 [Rupert/+2 triple sword of draining (28)]
 30109 | D:13     | Slain by Rupert

Illustrated notes

Levels and vault maps discovered:
D:1:      evilmike_arrival_home_sweet_home, layout_loops_corners
D:2:      layout_basic, minmay_quantized, uniq_natasha
D:3:      layout_basic, nicolae_overflow_hidden_temple
D:4:      layout_loops_ring, serial_shops,
          nicolae_shop_temple_entry_statues_fountains, minmay_gold_behind_fungi
D:5:      minmay_general_purpose_star, layout_basic, gup_sewer_entry_bowl,
          serial_glass, glass_columns_a, glass_columns_c, uniq_sigmund
D:6:      layout_layer_cave, minmay_temple_entry_tees,
          corexii_item_surrounded_by_moat
D:7:      layout_basic, fedhas_ov_isle_minmay
D:8:      layout_basic, tgw_trog
D:9:      layout_roguey, dpeg_oklobed_lair, uniq_maurice
D:10:     layout_long_grid, pf_just_have_faith
D:11:     layout_irregular_city, kennysheep_orc_monster_closet_entryway,
          minmay_splitting_lines, nicolae_dithmenos_shadow_blocks
D:12:     layout_roguey, serial_co_window_serial, co_window_paths_a,
          co_window_paths_a, co_window_paths_a, co_window_paths_b,
          co_window_paths_a, co_window_unsneaky_path_b,
          co_window_of_opportunity_c, co_window_corner_b, co_window_corner_b,
          co_window_of_opportunity_c, co_window_corner_b, co_window_2corner,
          co_window_paths_e, glass_columns_a, glass_columns_b, glass_columns_b,
          portal_ice_cave_rime
D:13:     hangedman_cross_veins, layout_basic, minmay_misc_feat_pillars,
          uniq_rupert
Temple:   nicolae_temple_the_god_donut
Lair:1:   layout_regular_city, minivault_24, grunt_megastairs_1
Lair:2:   layout_cellular_growth, spider_nest_entry_funnel_web,
          gammafunk_ghost_hydra_chop
Lair:3:   layout_hall_layers, elwin_shoals_entry_stream, uniq_gastronok,
          uniq_sonja
Orc:1:    layout_caves, serial_shops, nicolae_shop_statue_plus,
          nicolae_orc_pool_cavern, minmay_shop_enchanted_jewellery

Skill      XL: |  1  2  3  4  5  6  7  8  9 10 11 12 13 |
---------------+----------------------------------------+-----
Spellcasting   | 3 4 5 7 8 9 11 12 13 | 13.3
Fire Magic     | 4 5 6 8 9 11 12 13 | 13.1
Conjurations   | 3 4 5 7 9 10 11 13 | 13.4
Dodging        | 2 |  2.9
Stealth        | 3 4 |  4.2
Fighting       | 1 |  1.4
Translocations | |  0.8
Transmutations | |  0.1
Air Magic      | |  0.1
Poison Magic   | |  0.2

Action                   |  1- 3 |  4- 6 |  7- 9 | 10-12 | 13-15 || total
-------------------------+-------+-------+-------+-------+-------++-------
Melee: Unarmed           |     6 |     3 |       |       |       ||     9
       Dagger            |       |    22 |    81 |     9 |     8 ||   120
       Headbutt          |       |       |    13 |       |     1 ||    14
 Cast: Foxfire           |   168 |   234 |   547 |   500 |   206 ||  1655
       Conjure Flame     |       |       |    11 |    16 |    10 ||    37
       Sticky Flame      |       |       |     7 |    37 |    19 ||    63
       Fireball          |       |       |       |    69 |   116 ||   185
       Mephitic Cloud    |       |       |       |     6 |     1 ||     7
       Ignite Poison     |       |       |       |     3 |     1 ||     4
       Magic Dart        |       |       |       |       |    10 ||    10
       Iskenderun's Myst |       |       |       |       |     6 ||     6
  Use: Scroll            |     3 |     1 |     8 |     6 |     6 ||    24
       Potion            |       |       |    11 |     1 |     7 ||    19
 Stab: Sleeping          |       |       |     1 |       |       ||     1
Armor: Robe              |     7 |    24 |    91 |    71 |    21 ||   214
Dodge: Dodged            |    23 |    36 |   108 |    93 |    37 ||   297

Table legend: (Time is in decaauts)
 A = Elapsed time spent in this place.
 B = Non-inter-level travel time spent in this place.
 C = Inter-level travel time spent in this place.
 D = Time resting spent in this place.
 E = Time spent auto-exploring this place.
 F = Levels seen in this place.
 G = Mean time per level.
                   A        B        C        D        E       F      G
               +--------+--------+--------+--------+--------+-----+--------+
         Total |  30141 |  28802 |   1339 |  10724 |  13405 |  20 | 1507.1 |
       Dungeon |  22879 |  21907 |    972 |   7737 |  10548 |  13 | 1759.9 |
        Temple |    274 |    228 |     46 |      0 |    227 |   1 |  274.0 |
          Lair |   5644 |   5325 |    319 |   2378 |   2228 |   3 | 1881.3 |
  Orcish Mines |     26 |     26 |      0 |      0 |      0 |   1 |   26.0 |
         Sewer |    381 |    381 |      0 |    191 |    147 |   1 |  381.0 |
      Ice Cave |    933 |    933 |      0 |    418 |    255 |   1 |  933.0 |
               +--------+--------+--------+--------+--------+-----+--------+

Top non-repeatable levels by time:
     D:9: 2868 daAuts
     D:2: 2620 daAuts
     D:8: 2355 daAuts
  Lair:2: 2246 daAuts
     D:3: 2187 daAuts
  Lair:3: 2074 daAuts
     D:1: 2056 daAuts
    D:10: 1886 daAuts
     D:4: 1773 daAuts
     D:6: 1747 daAuts
    D:11: 1658 daAuts
  Lair:1: 1323 daAuts
     D:5: 1190 daAuts
    D:12: 990 daAuts
     D:7: 983 daAuts
